[Event "Team 45 45 League T81"]
[Site "Internet Chess Club"]
[Date "2019.07.25"]
[Round "5"]
[White "liujf"]
[Black "tryanything"]
[Result "1/2-1/2"]
[WhiteElo "1565"]
[BlackElo "1496"]
[Opening "Scotch game"]
[ECO "C45"]
[Time "19:31:27"]
[TimeControl "2700+45"]

1. e4 Nc6 2. d4 e5 3. Nf3 exd4 4. Nxd4 Bc5 5. Be3 Qf6 6. c3 Nge7 7. Bc4 Ne5 8.
Bb3 a6 9. O-O d6 10. f4 Ng4 11. Qf3 Nxe3 12. Qxe3 O-O 13. Nd2 Nc6 14. N2f3 Bg4
15. Rad1 Qh6 16. h3 Bxf3 17. Qxf3 Rae8 18. Kh1 Nxd4 19. cxd4 Bb6 20. Rfe1 c6 21.
Bc2 Qh4 22. Rf1 Qf6 23. Qb3 Qd8 24. Rf3 Qc7 25. Qd3 g6 26. Rg3 Kh8 27. Qc3 d5
28. e5 f6 29. Qe3 c5 30. Qf3 cxd4 31. Bxg6 hxg6 32. Rxg6 Qh7 33. Rxf6 Rxf6 34.
exf6 Re4 35. Qb3 Re6 36. Qxd5 Rxf6 37. Re1 Qf7 38. Qe5 d3 39. Rd1 Bc7 40. Qd4
Bxf4 41. Rxd3 Kg8 42. Qd8+ Qf8 43. Qd5+ Qf7 44. Qd8+ Kg7 45. Qd4 Kg8 46. Qd8+
{Game drawn by repetition} 1/2-1/2

[Event "Team 45 45 League T81"]
[Site "Internet Chess Club"]
[Date "2019.07.28"]
[Round "5"]
[White "Electryon"]
[Black "Pawnchain"]
[Result "1-0"]
[WhiteElo "1455"]
[BlackElo "1396"]
[Opening "Queen's pawn: London system"]
[ECO "A45"]
[Time "15:03:56"]
[TimeControl "2700+45"]

1. d4 Nf6 2. Bf4 d5 3. e3 c5 4. c3 Nc6 5. Nd2 Qb6 6. Qb3 c4 7. Qc2 e6 8. Ngf3
Bd7 9. b3 cxb3 10. axb3 Be7 11. Bd3 Rc8 12. O-O Nb4 13. Qb1 Nxd3 14. Qxd3 Bb5
15. c4 dxc4 16. bxc4 Ba6 17. Rfb1 Qd8 18. Qb3 O-O 19. h3 Nd7 20. c5 Bf6 {Black
resigns} 1-0

[Event "Team 45 45 League T81"]
[Site "Internet Chess Club"]
[Date "2019.07.27"]
[Round "5"]
[White "QuieroAprender"]
[Black "fireball"]
[Result "1-0"]
[WhiteElo "1709"]
[BlackElo "1511"]
[Opening "French: Réti (Spielmann) variation"]
[ECO "C00"]
[Time "14:00:35"]
[TimeControl "2700+45"]

1. e4 e6 2. b3 d5 3. e5 c5 4. Bb2 Nc6 5. Bb5 Bd7 6. Nf3 Nge7 7. O-O Ng6 8. Bxc6
Bxc6 9. d4 c4 10. bxc4 dxc4 11. Nbd2 b5 12. c3 Be7 13. Re1 O-O 14. Qe2 Nf4 15.
Qe3 Nd3 16. Reb1 Bd5 17. Ne1 Bg5 18. Qe2 Nf4 19. Qd1 f5 20. Ndf3 Be4 21. g3 Bxb1
22. gxf4 Bxf4 23. Rxb1 g5 24. Ng2 Rf7 25. Nxf4 gxf4 26. Bc1 Rg7+ 27. Kf1 Qe8 28.
Bxf4 Rg4 29. Bg3 Qh5 30. Ng1 Qg6 31. Ne2 Qh5 32. Nf4 Qh6 33. Qf3 Rb8 34. d5 a6
35. h3 Rg7 36. Nxe6 Qxh3+ 37. Qg2 Qxg2+ 38. Kxg2 Rg6 39. Nf4 Rg5 40. Ne6 Rg6 41.
Kf3 Re8 42. Nd4 Rf8 43. e6 f4 44. Bxf4 Rgf6 45. Rg1+ Kh8 46. Ke3 Rg6 47. Rxg6
hxg6 48. e7 Re8 49. d6 Kg8 50. Bg5 Kf7 51. d7 Rxe7+ 52. Bxe7 Kxe7 53. Nc6+ Kxd7
54. Nb8+ Kd6 55. Nxa6 g5 56. Nb4 Ke5 57. f3 Kf5 58. Nc6 {Black resigns} 1-0

[Event "Team 45 45 League T81"]
[Site "Internet Chess Club"]
[Date "2019.07.26"]
[Round "5"]
[White "nidusin2"]
[Black "wildwood"]
[Result "0-1"]
[WhiteElo "1485"]
[BlackElo "1540"]
[Opening "Queen's pawn game"]
[ECO "A45"]
[Time "11:30:26"]
[TimeControl "2700+45"]

1. d4 Nf6 2. Nc3 g6 3. Bf4 d6 4. Nf3 Bg7 5. e4 O-O 6. Bc4 b6 7. d5 Na6 8. Nd4
Bb7 9. Qe2 Nc5 10. b4 Ncd7 11. Ba6 Bxa6 12. Qxa6 Qc8 13. Qc4 Nh5 14. Be3 Ne5 15.
Qb3 c5 16. Ndb5 a6 17. Na3 c4 18. Qb2 b5 19. h3 f5 20. Qc1 Nf3+ 21. gxf3 Bxc3+
22. Kf1 Bxa1 23. Qxa1 fxe4 24. fxe4 Ng3+ 25. Kg2 Nxh1 26. Bh6 Rxf2+ 27. Kg1 Rf7
28. Qc3 e5 29. Kxh1 Qd8 30. Qg3 Qf6 {White resigns} 0-1

[Event "Team 45 45 League T81"]
[Site "Internet Chess Club"]
[Date "2019.07.25"]
[Round "5"]
[White "tightfist"]
[Black "Skeptic1972"]
[Result "0-1"]
[WhiteElo "1491"]
[BlackElo "1436"]
[Opening "Queen's pawn game"]
[ECO "A46"]
[Time "14:30:18"]
[TimeControl "2700+45"]

1. Nf3 Nf6 2. d4 e6 3. c3 d5 4. Nbd2 c5 5. e3 Nc6 6. Be2 Be7 7. O-O O-O 8. Qc2
Bd7 9. b3 Rc8 10. Ba3 cxd4 11. Bxe7 Qxe7 12. exd4 Rfd8 13. Qb2 e5 14. dxe5 Nxe5
15. Nxe5 Qxe5 16. Nb1 Re8 17. Bf3 Bb5 18. Na3 Bxf1 19. Rxf1 Qxc3 20. Qb1 a6 21.
h3 b5 22. Qd1 b4 23. Nb1 Qc2 24. Qd4 Qxa2 25. Qxb4 a5 26. Qa4 Qxa4 27. bxa4 Rc4
28. Rd1 Rxa4 29. Nc3 Rb4 30. Nxd5 Nxd5 31. Bxd5 Kf8 32. Ra1 a4 33. Bc6 Rc8 34.
Rxa4 Rb1+ 35. Kh2 Rxc6 36. Ra8+ Ke7 37. Ra5 Rb2 38. Rf5 Rf6 39. Re5+ Kd6 40. Rg5
g6 41. Rg3 Rfxf2 42. h4 h5 43. Kh3 Ke7 44. Re3+ Kf8 45. Rg3 Kg7 46. Kh2 Rf4 47.
Kh3 Rbb4 48. Kh2 Rxh4+ 49. Kg1 Rhg4 50. Rf3 Rb2 51. Rf2 Rxf2 52. Kxf2 h4 53. Kf3
Rg3+ 54. Kf2 g5 55. Kf1 h3 56. gxh3 Rxh3 57. Kg2 Ra3 58. Kf2 Kf6 59. Kg2 Kf5 60.
Kf2 Ke4 61. Kg2 Kf4 62. Kh2 Kg4 63. Kg1 Kf3 64. Kh2 Kg4 65. Kh1 Ra2 66. Kg1 Kf3
67. Kh1 Kg3 68. Kg1 Ra1# {White checkmated} 0-1

[Event "Team 45 45 League T81"]
[Site "Internet Chess Club"]
[Date "2019.07.24"]
[Round "5"]
[White "JPSVI"]
[Black "Kingofknights"]
[Result "1-0"]
[WhiteElo "1552"]
[BlackElo "1536"]
[Opening "Réti: King's Indian attack"]
[ECO "A08"]
[Time "19:33:15"]
[TimeControl "2700+45"]

1. Nf3 d5 2. g3 c5 3. Bg2 Nc6 4. O-O e5 5. d3 Nf6 6. Na3 Be7 7. e4 dxe4 8. dxe4
Qxd1 9. Rxd1 Nxe4 10. Nxe5 Nxe5 11. Bxe4 a6 12. Bf4 Nc6 13. Bxc6+ bxc6 14. Nc4
f6 15. Nb6 g5 16. Nxa8 gxf4 17. Nc7+ Kf7 18. Rd2 Bd8 19. Na8 fxg3 20. hxg3 Bg4
21. Rd3 Bf5 22. Rb3 Bxc2 23. Rb7+ Kg6 24. Nb6 Bxb6 25. Rxb6 Bd3 26. Re1 h5 27.
Rxc6 c4 28. Re7 Rb8 29. Ree6 Rxb2 30. Rxf6+ Kg5 31. Rf4 Rxa2 32. Rc5+ Kg6 33.
Rd4 Be2 34. Rd6+ Kf7 35. Rc7+ Ke8 36. Rh6 Kd8 37. Ra7 {Black resigns} 1-0

[Event "Team 45 45 League T81"]
[Site "Internet Chess Club"]
[Date "2019.07.27"]
[Round "5"]
[White "Packerfan"]
[Black "fledermaus"]
[Result "0-1"]
[WhiteElo "1744"]
[BlackElo "1844"]
[Opening "Sicilian: Alapin's variation (2.c3)"]
[ECO "B22"]
[Time "10:06:54"]
[TimeControl "2700+45"]

1. e4 c5 2. c3 d5 3. exd5 Qxd5 4. d4 Nf6 5. Nf3 Bg4 6. Be2 e6 7. h3 Bh5 8. O-O
Nc6 9. Be3 cxd4 10. Nxd4 Bxe2 11. Qxe2 Nxd4 12. Bxd4 Be7 13. Nd2 O-O 14. Nf3 b6
15. Rfd1 Qb7 16. Rd3 Rfd8 17. Rad1 Nd5 18. Qe4 b5 19. Ne5 Qc7 20. Rf3 Bf6 21.
Ng4 Bxd4 22. Qxd4 Ne7 23. Nh6+ gxh6 24. Qg4+ Ng6 25. Re1 Rd5 26. g3 h5 27. Qe4
Rad8 28. h4 Re5 29. Qb1 Rxe1+ 30. Qxe1 Qe5 31. Re3 Qd5 32. b3 Qd1 33. Kf1 Qxe1+
34. Kxe1 Kf8 35. c4 bxc4 36. bxc4 Rc8 37. Ra3 Rc7 38. Kd2 Ne5 39. Ke2 Nxc4 40.
Rc3 Ke7 {White resigns} 0-1

[Event "Team 45 45 League T81"]
[Site "Internet Chess Club"]
[Date "2019.07.28"]
[Round "5"]
[White "WillC"]
[Black "Grenadier"]
[Result "0-1"]
[WhiteElo "1627"]
[BlackElo "1636"]
[Opening "Queen's pawn game"]
[ECO "A46"]
[Time "09:02:10"]
[TimeControl "2700+45"]

1. d4 Nf6 2. Nf3 d6 3. b3 Bf5 4. Bb2 Nbd7 5. Nbd2 c5 6. e3 Rc8 7. c4 e6 8. g3
Be7 9. Bg2 a6 10. Nh4 Bg4 11. Nhf3 b5 12. h3 Bf5 13. Nh4 Bd3 14. Bb7 bxc4 15.
Bxc8 Qxc8 16. Nxc4 Bxc4 17. bxc4 Qb7 18. d5 Qxb2 19. dxe6 fxe6 20. O-O O-O 21.
Ng2 Ne4 22. Rb1 Qd2 23. Rb7 Qxd1 24. Rxd1 Nxf2 25. Rxd7 Nxd1 26. Rxe7 e5 27. Ra7
Nb2 28. Rxa6 Nxc4 29. a4 Rb8 30. Kf2 Rb2+ 31. Kg1 Kf7 32. Ra7+ Kf6 33. a5 d5 34.
a6 Ra2 35. Ra8 Kf5 36. a7 Ke4 37. Rc8 Rxa7 38. Rxc5 Ra1+ 39. Kf2 Ra2+ 40. Kg1
Rd2 41. Rc7 Nxe3 42. Nxe3 Kxe3 43. Rxg7 Kf3 44. g4 e4 45. Rxh7 e3 46. Rf7+ Kg3
47. Rf1 Kxh3 48. g5 Rg2+ 49. Kh1 Rxg5 50. Rf3+ Kg4 51. Rxe3 Kf4 52. Re7 Kf3 53.
Rf7+ Ke2 54. Rd7 Ke3 55. Re7+ Kd3 56. Rd7 d4 57. Kh2 Ke3 58. Ra7 d3 59. Ra3 Ke2
60. Ra7 Re5 61. Kg2 d2 62. Ra2 Ke1 {White resigns} 0-1

[Event "Team 45 45 League T81"]
[Site "Internet Chess Club"]
[Date "2019.07.28"]
[Round "5"]
[White "GoIrish"]
[Black "Gojira"]
[Result "1/2-1/2"]
[WhiteElo "1521"]
[BlackElo "1612"]
[Opening "Réti: King's Indian attack (Barcza system)"]
[ECO "A07"]
[Time "08:01:58"]
[TimeControl "2700+45"]

1. Nf3 d5 2. g3 Bf5 3. Bg2 e6 4. O-O Nf6 5. d3 h6 6. Nbd2 Bc5 7. c4 c6 8. d4 Be7
9. c5 Nbd7 10. b4 b6 11. Nb3 Ne4 12. Bb2 Bf6 13. Nfd2 bxc5 14. Nxe4 Bxe4 15.
Bxe4 c4 16. Nd2 Qb6 17. Bg2 Qxb4 18. Qc2 Nb6 19. Bc3 {Game drawn by mutual
agreement} 1/2-1/2

[Event "Team 45 45 League T81"]
[Site "Internet Chess Club"]
[Date "2019.07.28"]
[Round "5"]
[White "LinceHispano44"]
[Black "primerpaso"]
[Result "0-1"]
[WhiteElo "1743"]
[BlackElo "1739"]
[Opening "Queen's pawn game"]
[ECO "D02"]
[Time "15:05:36"]
[TimeControl "2700+45"]

1. Nf3 d5 2. d4 g6 3. Bf4 Bg7 4. e3 Nf6 5. h3 O-O 6. c4 b6 7. Nc3 Bb7 8. Bd3
Nbd7 9. O-O c5 10. Nxd5 Nxd5 11. cxd5 Bxd5 12. e4 Bb7 13. Be3 cxd4 14. Bxd4 Bxd4
15. Nxd4 Nc5 16. Bb5 a6 17. b4 Nxe4 18. Bc6 Bxc6 19. Nxc6 Qe8 20. Rc1 Rc8 21.
Qa4 Nd6 22. Rfe1 e6 23. Red1 Nb5 24. Ne5 Nc3 25. Qxa6 Nxd1 26. Rxd1 Rd8 27. Rc1
Rd6 28. Qb7 Qb8 29. Qe7 Qd8 30. Qb7 Rd1+ 31. Rxd1 Qxd1+ 32. Kh2 Qd6 33. f4 f6
34. Nd7 Rf7 35. Qb8+ Qxb8 36. Nxb8 Ra7 37. Kg3 Kf7 38. Kf3 Rxa2 39. Ke4 Rxg2 40.
Nd7 Rb2 {White resigns} 0-1

[Event "Team 45 45 League T81"]
[Site "Internet Chess Club"]
[Date "2019.07.28"]
[Round "5"]
[White "kabindra"]
[Black "Portola"]
[Result "1-0"]
[WhiteElo "1721"]
[BlackElo "1705"]
[Opening "French: advance, Milner-Barry gambit"]
[ECO "C02"]
[Time "15:00:49"]
[TimeControl "2700+45"]

1. e4 e6 2. d4 d5 3. e5 c5 4. c3 Nc6 5. Nf3 Qb6 6. Bd3 Bd7 7. O-O c4 8. Bc2 Nge7
9. Re1 Ng6 10. h4 Be7 11. h5 Nf8 12. Nbd2 h6 13. b3 cxb3 14. Nxb3 Na5 15. Nxa5
Qxa5 16. Bd2 Qa6 17. Qe2 Bb5 18. Qe3 Ba3 19. Qf4 Nd7 20. Qg3 Kf8 21. Nh4 Nb6 22.
Qf4 Kg8 23. Re3 Nc4 24. Rf3 Rf8 25. Bc1 b6 26. Rg3 Bxc1 27. Rxc1 f5 28. exf6 g5
29. Rxg5+ hxg5 30. Qxg5+ Kf7 31. Qg6# {Black checkmated} 1-0

[Event "Team 45 45 League T81"]
[Site "Internet Chess Club"]
[Date "2019.07.27"]
[Round "5"]
[White "VictorRed"]
[Black "andrew37"]
[Result "1/2-1/2"]
[WhiteElo "1692"]
[BlackElo "1652"]
[Opening "Queen's pawn game"]
[ECO "A45"]
[Time "18:02:46"]
[TimeControl "2700+45"]

1. d4 Nf6 2. g3 g6 3. Bg2 Bg7 4. e4 d6 5. Nc3 O-O 6. Nf3 c5 7. dxc5 Qa5 8. Bd2
Qxc5 9. O-O Na6 10. Be3 Qc7 11. Nd4 Ng4 12. Nd5 Nxe3 13. fxe3 Qd8 14. c3 e6 15.
Nb4 Nc5 16. Nd3 Qg5 17. Qe2 Bd7 18. Nxc5 Qxc5 19. Rad1 a5 20. Qd2 Bh6 21. Nc2
Bb5 22. Rfe1 Rad8 23. Qd4 Bc6 24. b3 Bg7 25. Qxc5 dxc5 26. c4 Bc3 27. Rxd8 Rxd8
28. Re2 Kg7 29. Kf2 {Game drawn by mutual agreement} 1/2-1/2

[Event "Team 45 45 League T81"]
[Site "Internet Chess Club"]
[Date "2019.07.24"]
[Round "5"]
[White "julesraider"]
[Black "QuieroAprender"]
[Result "0-1"]
[WhiteElo "1615"]
[BlackElo "1701"]
[Opening "Ruy Lopez: closed, Bogolyubov variation"]
[ECO "C90"]
[Time "19:36:51"]
[TimeControl "2700+45"]

1. e4 e5 2. Nf3 Nc6 3. Bb5 a6 4. Ba4 Nf6 5. O-O b5 6. Bb3 d6 7. Re1 Be7 8. c3
Bg4 9. d4 O-O 10. a4 Bxf3 11. gxf3 h6 12. f4 exd4 13. cxd4 Na5 14. axb5 axb5 15.
Nd2 Nxb3 16. Rxa8 Qxa8 17. Qxb3 Qa4 18. Qc3 c5 19. d5 Ra8 20. Qg3 Bf8 21. h4 Qc2
22. Kh2 Ra1 23. Nb3 Ra4 24. Qf3 Rxe4 25. Rg1 Nxd5 26. Rd1 Nf6 27. Nd2 Rxf4 28.
Qxf4 Qxd1 29. Nf3 Qc2 30. b4 Qxf2+ 31. Kh3 Qf1+ 32. Kh2 Qe2+ 33. Kh3 Qe4 34.
bxc5 Qxf4 35. Bxf4 dxc5 36. Kg2 Nd5 37. Bd2 b4 38. Ne5 Bd6 39. Nc4 Be7 40. h5
Nf6 41. Kf3 Nxh5 42. Nb6 Nf6 43. Nc8 Bd8 44. Nd6 Bc7 45. Nc4 g5 46. Bc1 g4+ 47.
Kg2 h5 48. Be3 Ne4 49. Bh6 h4 50. Be3 h3+ 51. Kh1 g3 52. Nd2 g2+ 53. Kg1 Nxd2
54. Bxd2 b3 55. Bc3 f5 56. Kf2 f4 57. Bb2 f3 58. Kg1 h2+ 59. Kf2 g1=Q+ 60. Kxf3
h1=Q+ 61. Ke2 {White resigns} 0-1

[Event "Team 45 45 League T81"]
[Site "Internet Chess Club"]
[Date "2019.07.26"]
[Round "5"]
[White "julesraider"]
[Black "Hectormercado"]
[Result "1/2-1/2"]
[WhiteElo "1598"]
[BlackElo "1559"]
[Opening "QGD semi-Slav"]
[ECO "D43"]
[Time "14:00:51"]
[TimeControl "2700+45"]

1. d4 d5 2. c4 c6 3. Nf3 Nf6 4. Nc3 e6 5. Bg5 Nbd7 6. Qb3 b6 7. e3 Bb7 8. cxd5
cxd5 9. Bd3 Bd6 10. O-O O-O 11. Rac1 Rc8 12. a4 h6 13. Bh4 Qe7 14. a5 Bb4 15.
axb6 Nxb6 16. Bxf6 gxf6 17. Qd1 f5 18. Ne5 Qg5 19. f4 Qg7 20. Rf3 Kh8 21. Rg3
Qf6 22. Qh5 Rg8 23. Nxf7+ Kh7 24. Ng5+ Kh8 25. Rh3 Bf8 26. Rf1 Nc4 27. Rff3 Nxb2
28. Nf7+ Kh7 29. Ng5+ Kh8 30. Nf7+ {Game drawn by mutual agreement} 1/2-1/2

[Event "Team 45 45 League T81"]
[Site "Internet Chess Club"]
[Date "2019.07.25"]
[Round "5"]
[White "howah45"]
[Black "Balderdash"]
[Result "1-0"]
[WhiteElo "1213"]
[BlackElo "1331"]
[Opening "Ruy Lopez (Spanish opening)"]
[ECO "C60"]
[Time "20:00:17"]
[TimeControl "2700+45"]

1. e4 e5 2. Nf3 Nc6 3. Bb5 Bd6 4. c3 a6 5. Ba4 Nf6 6. Qe2 b5 7. Bb3 Qe7 8. d3
Na5 9. Bc2 Bb7 10. O-O Nc6 11. Rd1 O-O-O 12. Nbd2 h6 13. Nf1 Rdg8 14. a4 b4 15.
Ng3 g6 16. d4 exd4 17. cxd4 Bxg3 18. hxg3 d5 19. e5 Ng4 20. Nh4 Qe6 21. f3 Nf6
22. Qf2 Nh7 23. Bxh6 Ne7 24. f4 Nf5 25. Nxf5 gxf5 26. a5 Qxh6 27. Bxf5+ Kb8 28.
Qf3 Rd8 29. Kf2 Bc6 30. Rh1 Qg7 31. Rh2 Ng5 32. Rxh8 Nxf3 33. Rxd8+ Ka7 34. Kxf3
f6 35. Rc1 Qe7 36. Rh8 Bb5 37. Rc8 c6 38. Rh8 fxe5 39. Rh7 e4+ 40. Kg4 Qxh7 41.
Bxh7 Be2+ 42. Kh4 Bb5 43. f5 Kb7 44. f6 c5 45. f7 Kc6 46. dxc5 e3 47. f8=Q Bc4
48. Qc8+ Kb5 49. Qb7+ Kxa5 50. Ra1+ {Black resigns} 1-0

[Event "Team 45 45 League T81"]
[Site "Internet Chess Club"]
[Date "2019.07.25"]
[Round "5"]
[White "olivermx"]
[Black "kabubi"]
[Result "1-0"]
[WhiteElo "1254"]
[BlackElo "1175"]
[Opening "Ruy Lopez: Anderssen variation"]
[ECO "C65"]
[Time "21:00:28"]
[TimeControl "2700+45"]

1. e4 e5 2. Nf3 Nc6 3. Bb5 Nf6 4. d3 a6 5. Ba4 b5 6. Bb3 Be7 7. c3 d5 8. exd5
Nxd5 9. h3 O-O 10. O-O Na5 11. Bc2 Bd6 12. Be3 Nf4 13. Bxf4 exf4 14. Nbd2 Nc6
15. d4 Ne7 16. Ne4 Nf5 17. Nxd6 Nxd6 18. Bd3 Re8 19. Qc2 g6 20. Rfe1 Be6 21. a3
Qf6 22. Ne5 Qg5 23. Nf3 Qh5 24. Kh2 Bg4 25. Ne5 Rxe5 26. Rxe5 f5 27. f3 Bxf3 28.
gxf3 Qxf3 29. Re2 h5 30. Rg2 Rf8 31. Rxg6+ Kh7 32. Rg2 Kh6 33. Rf1 Qe3 34. Qe2
{Black resigns} 1-0

[Event "Team 45 45 League T81"]
[Site "Internet Chess Club"]
[Date "2019.07.24"]
[Round "5"]
[White "KidRattler"]
[Black "dalmata"]
[Result "1-0"]
[WhiteElo "1638"]
[BlackElo "1515"]
[Opening "Réti opening"]
[ECO "A04"]
[Time "12:00:07"]
[TimeControl "2700+45"]

1. Nf3 d6 2. b3 e5 3. Bb2 Be7 4. e3 f5 5. d4 e4 6. Nfd2 Be6 7. c4 Nf6 8. Nc3 O-O
9. Qc2 Nbd7 10. O-O-O c6 11. Be2 d5 12. f3 a5 13. a3 b5 14. cxb5 c5 15. Rdg1
cxd4 16. exd4 Qb6 17. Na4 Qb7 18. Kb1 Rac8 19. Bc3 Bxa3 20. Qa2 Bb4 21. Bxb4
axb4 22. Qb2 Nb6 23. Rc1 Bd7 24. Rc5 Qa7 25. Nxb6 Qxb6 26. Rhc1 Rfe8 27. fxe4
fxe4 28. Nf1 Rb8 29. Ne3 Qd6 30. g3 h6 31. Qd2 Ra8 32. Qxb4 Ra7 33. b6 Rb7 34.
Qa5 Rxb6 35. R1c3 Be6 36. Kc2 Reb8 37. Rb5 Rxb5 38. Bxb5 Bd7 39. Bxd7 Qxd7 40.
Qc7 Qe8 41. Rc6 Rd8 42. b4 Ra8 43. Nf5 Qf8 44. Rc5 Re8 45. Ne3 h5 46. h3 h4 47.
g4 Nh7 48. Kb3 Qf3 49. Rc3 Qxh3 50. Qd7 Nf6 51. Qb7 Qf3 52. g5 Ng4 53. Qxd5+ Kh7
54. Qd7 {Black resigns} 1-0

[Event "Team 45 45 League T81"]
[Site "Internet Chess Club"]
[Date "2019.07.26"]
[Round "5"]
[White "Pawnchain"]
[Black "bardu"]
[Result "1/2-1/2"]
[WhiteElo "1393"]
[BlackElo "1291"]
[Opening "Giuoco Piano"]
[ECO "C54"]
[Time "14:17:11"]
[TimeControl "2700+45"]

1. e4 e5 2. Nf3 Nc6 3. Bc4 Bc5 4. c3 Nf6 5. d3 d6 6. Bb3 a6 7. h3 h6 8. Qe2 Ba7
9. Nbd2 Be6 10. Bc2 Qe7 11. a4 {Game drawn by mutual agreement} 1/2-1/2

[Event "Team 45 45 League T81"]
[Site "Internet Chess Club"]
[Date "2019.07.28"]
[Round "5"]
[White "Conjurer"]
[Black "rkjulianjr"]
[Result "0-1"]
[WhiteElo "1218"]
[BlackElo "1323"]
[Opening "Queen's pawn, Mason variation, Steinitz counter-gambit"]
[ECO "D00"]
[Time "12:03:00"]
[TimeControl "2700+45"]

1. d4 d5 2. Bf4 c5 3. c3 Nc6 4. Nf3 Nf6 5. e3 Qb6 6. Qc2 Bf5 7. Qb3 c4 8. Qxb6
axb6 9. Be2 e6 10. Na3 Bxa3 11. bxa3 Rxa3 12. O-O Rxc3 13. Bd6 Kd7 14. Bg3 Ra3
15. Ne5+ Nxe5 16. Bxe5 Rha8 17. h3 Rxa2 {White resigns} 0-1

[Event "Team 45 45 League T81"]
[Site "Internet Chess Club"]
[Date "2019.07.29"]
[Round "5"]
[White "grekor"]
[Black "guyd52"]
[Result "0-1"]
[WhiteElo "1114"]
[BlackElo "1256"]
[Opening "Robatsch (modern) defense"]
[ECO "B06"]
[Time "12:00:47"]
[TimeControl "2700+45"]

1. e4 g6 2. d4 d6 3. Nf3 Bg7 4. Bc4 Nf6 5. Ng5 e6 6. Nc3 h6 7. Nf3 b6 8. Bb5+
Bd7 9. Bc4 Nc6 10. O-O Na5 11. Bd3 O-O 12. Be3 Ng4 13. Bd2 e5 14. h3 exd4 15.
Nd5 Ne5 16. Nxe5 dxe5 17. Qc1 c5 18. Bxh6 Be6 19. Bc4 Nxc4 20. Bxg7 Kxg7 21. Nc3
dxc3 22. Rd1 cxb2 {White resigns} 0-1

[Event "Team 45 45 League T81"]
[Site "Internet Chess Club"]
[Date "2019.07.27"]
[Round "5"]
[White "Portola"]
[Black "kabindra"]
[Result "0-1"]
[WhiteElo "1722"]
[BlackElo "1704"]
[Opening "Queen's pawn game, Darooha variation "]
[ECO "D02"]
[Time "15:00:24"]
[TimeControl "2700+45"]

1. d4 d5 2. Nf3 Nf6 3. c3 c5 4. e3 Nc6 5. Bd3 c4 6. Bc2 Bg4 7. Nbd2 e5 8. dxe5
Nxe5 9. Ba4+ Nfd7 10. Bxd7+ Nxd7 11. Qa4 a6 12. O-O b5 13. Qc2 Nc5 14. Ne5 Be2
15. Re1 Bd3 16. Qd1 Bd6 17. Nxd3 Nxd3 18. Rf1 O-O 19. Nf3 Qf6 20. Ne1 Qe5 21. g3
Nc5 22. Qd4 Qf5 23. Bd2 Na4 24. Bc1 Rad8 25. Qd2 Nc5 26. Qc2 Qf6 27. Rb1 h5 28.
b3 h4 29. bxc4 dxc4 30. Kg2 Be5 31. Bb2 Na4 32. Rc1 Qc6+ 33. Kg1 h3 34. f4 Bf6
35. Nf3 Rd3 36. Nd4 Qe4 37. Rce1 Nxb2 38. Qxb2 Rxe3 39. Rd1 Rxc3 40. Rfe1 Bxd4+
41. Rxd4 Qxd4+ 42. Kh1 Rd8 43. Qe2 Re3 44. Qxe3 Qxe3 45. Rxe3 Rd1+ {White
resigns} 0-1

[Event "Team 45 45 League T81"]
[Site "Internet Chess Club"]
[Date "2019.07.28"]
[Round "5"]
[White "g8wrb"]
[Black "Balderdash"]
[Result "1-0"]
[WhiteElo "1316"]
[BlackElo "1313"]
[Opening "Nimzovich-Larsen attack: modern variation"]
[ECO "A01"]
[Time "10:01:30"]
[TimeControl "2700+45"]

1. b3 e5 2. Bb2 Nc6 3. e3 Nh6 4. Bb5 e4 5. Nc3 Qg5 6. Bf1 Bc5 7. Nxe4 Qd5 8.
Nxc5 Qxc5 9. Bxg7 Rg8 10. Bxh6 Nb4 11. c3 Nd5 12. Ne2 Rg6 13. Bf4 Nxf4 14. Nxf4
Rg5 15. g3 b6 16. Bg2 c6 17. O-O Bb7 18. Qc2 Rg7 19. Qe4+ Qe7 20. Qxe7+ Kxe7 21.
d4 Ba6 22. Rfd1 d5 23. Rac1 Bc8 24. c4 Bg4 25. Rd2 h5 26. cxd5 Kd6 27. Rxc6+ Kd7
28. Rdc2 Kd8 29. Rc7 Bf5 30. R2c3 h4 31. d6 hxg3 32. Bxa8 gxh2+ 33. Kxh2 Rh7+
34. Kg2 Rg7+ 35. Kf1 Bd7 36. Bc6 Bg4 37. Rxa7 Rh7 38. Rb7 Bc8 39. Rb8 Rh6 40.
Bb5 Rxd6 41. Rcxc8+ Ke7 42. Rb7+ Kf6 43. Rc6 Rxc6 44. Bxc6 Kg7 45. Rxb6 f5 46.
a4 Kf7 47. a5 Kg7 48. Bg2 Kf7 49. a6 Ke7 50. a7 Kf7 51. a8=Q Kg7 52. Qa7+ {Black
resigns} 1-0

[Event "Team 45 45 League T81"]
[Site "Internet Chess Club"]
[Date "2019.07.28"]
[Round "5"]
[White "howah45"]
[Black "nosir"]
[Result "1/2-1/2"]
[WhiteElo "1221"]
[BlackElo "1384"]
[Opening "Sicilian: Najdorf, Byrne (English) attack"]
[ECO "B90"]
[Time "09:01:08"]
[TimeControl "2700+45"]

1. e4 c5 2. Nf3 d6 3. d4 cxd4 4. Nxd4 Nf6 5. Nc3 a6 6. Be3 e5 7. Nf3 b5 8. a3
Bb7 9. Bd3 Nbd7 10. Bg5 Qc7 11. Qe2 Be7 12. O-O O-O 13. Rad1 Rfe8 14. h3 h6 15.
Bxf6 Nxf6 16. Rfe1 Bf8 17. Nh4 d5 18. Qf3 Rad8 19. Qg3 dxe4 20. Bf1 Rxd1 21.
Rxd1 Rc8 22. Nf5 g6 23. Qh4 gxf5 24. Qxf6 f4 25. Qf5 Bd6 26. Nxe4 Bxe4 27. Qxe4
Bf8 28. Bd3 f6 29. Qg6+ Qg7 30. Qf5 Rc7 31. Be4 a5 32. Qe6+ Qf7 33. Qxf7+ Kxf7
34. Rd5 Rc5 35. Rd7+ {Game drawn by mutual agreement} 1/2-1/2

[Event "Team 45 45 League T81"]
[Site "Internet Chess Club"]
[Date "2019.07.27"]
[Round "5"]
[White "WillC"]
[Black "pokerram"]
[Result "1-0"]
[WhiteElo "1675"]
[BlackElo "1564"]
[Opening "King's Indian: East Indian defense"]
[ECO "A48"]
[Time "13:01:16"]
[TimeControl "2700+45"]

1. d4 Nf6 2. Nf3 g6 3. b3 Bg7 4. Bb2 O-O 5. Nbd2 d5 6. e3 c5 7. Bd3 Nc6 8. a3
Bg4 9. h3 Bxf3 10. Nxf3 cxd4 11. exd4 Qb6 12. O-O Nd7 13. Re1 Rfe8 14. Ne5 Ndxe5
15. dxe5 Qc7 16. f4 Qb6+ 17. Kh2 Bh6 18. Qg4 e6 19. h4 Qc7 20. h5 d4 21. hxg6
fxg6 22. Rh1 Nxe5 23. fxe5 Qxe5+ 24. Kh3 Qe3+ 25. Qf3 Qe5 26. Rhe1 Qg7 27. Qe4
Be3 28. Rxe3 Qh6+ 29. Kg3 Qg5+ 30. Kh2 dxe3 31. Re1 e5 32. Kg1 Qf4 33. Qd5+ Kg7
34. Rf1 Qg5 35. Qf7+ Kh6 36. Rf3 Qe7 37. Rh3+ Kg5 38. Qf3 e4 39. Qxe3+ Kf5 40.
Qf3+ Kg5 41. Bc1+ e3 42. Qd5+ Kf6 43. Bxe3 Qxe3+ 44. Rxe3 Rxe3 45. Qxb7 Re1+ 46.
Kf2 Rae8 47. Qxa7 R8e7 48. Qd4+ R1e5 49. a4 Kg5 50. b4 Rf7+ 51. Kg3 Kf6 52. a5
Re7 53. b5 Kf7 54. Kf3 g5 55. g4 Kg8 56. a6 Rf7+ 57. Bf5 Rxb5 58. Qd8+ Kg7 59.
Qxg5+ Kh8 60. Kg3 Rb2 61. Qe3 {Black resigns} 1-0

[Event "Team 45 45 League T81"]
[Site "Internet Chess Club"]
[Date "2019.07.25"]
[Round "5"]
[White "mongmong"]
[Black "guyd52"]
[Result "1-0"]
[WhiteElo "1537"]
[BlackElo "1245"]
[Opening "King's Indian: 5.Nf3"]
[ECO "E90"]
[Time "19:01:02"]
[TimeControl "2700+45"]

1. d4 g6 2. c4 d6 3. Nf3 Nf6 4. Nc3 Bg7 5. e4 c6 6. h3 Nbd7 7. Bg5 O-O 8. Be2 e5
9. d5 Qc7 10. Rc1 a6 11. O-O Nc5 12. Bxf6 Bxf6 13. b4 Nd7 14. a4 cxd5 15. cxd5
Qb8 16. a5 b5 17. Rc2 Bg7 18. Nh2 Nf6 19. Ng4 Nxg4 20. Bxg4 Bxg4 21. Qxg4 Qc8
22. Rfc1 Qxg4 23. hxg4 Bh6 24. Rb1 Rac8 25. Kf1 Rc4 26. Ke2 Rfc8 27. Kd3 Rd4+
28. Ke2 Rdc4 29. Rb3 Rxe4+ 30. Nxe4 Rxc2+ 31. Kd3 Rc1 32. Nxd6 Rd1+ 33. Ke4 Re1+
34. Kf3 Rd1 35. Ne4 Kf8 36. Nc5 Rxd5 37. Nxa6 Bd2 38. Nc7 Rd8 39. a6 Rc8 40. a7
Rxc7 41. a8=Q+ Kg7 42. Qd5 Bf4 43. g3 Rc4 44. gxf4 Rxf4+ 45. Kg3 f6 46. Qxb5 h5
47. gxh5 gxh5 48. Qd7+ Kg6 49. b5 Rg4+ 50. Qxg4+ hxg4 51. Kxg4 f5+ 52. Kh4 e4
53. b6 f4 54. Kg4 e3 55. fxe3 fxe3 56. Rxe3 Kf6 57. b7 Kf7 58. b8=Q Kf6 59. Qe5+
Kf7 60. Qf5+ Kg7 61. Re6 Kg8 62. Rg6+ Kh7 63. Qh5# {Black checkmated} 1-0